[Event "Titled Tuesday Blitz March 08 Early 2022"]
[White "Yuan, Qingyu"]
[Black "Cori T., Deysi"]
[WhiteFideId "8609772"]
[BlackFideId "3801934"]
[WhiteElo "2359"]
[BlackElo "2341"]
[Result "1-0"]
[Round "05"]
[TimeControl "180+1"]
[Date "2022.03.09"]
[WhiteClock "0:00:04"]
[BlackClock "0:00:05"]

1. e4 e6 2. d4 d5 3. exd5 exd5 4. Nf3 Bd6 5. Bd3 Ne7 6. O-O O-O 7. h3 Bf5 8. Bxf5 Nxf5 9. Qd3 Qf6 10. Qb3 Nxd4 11. Nxd4 Qxd4 12. Qxb7 Nd7 13. Qb5 Nf6 14. c3 Qe5 15. g3 Qf5 16. Kg2 Qe4+ 17. Kg1 Rab8 18. Qa6 Rb6 19. Qxa7 Qf3 20. Nd2 Qd3 21. Kg2 Qb5 22. Nf3 c5 23. a4 Qc6 24. b4 Ra8 25. b5 Rxa7 26. bxc6 Rxc6 27. Rd1 h6 28. Be3 Ra5 29. Nh4 Rca6 30. Nf5 Bf8 31. Rdb1 Ra8 32. Ra2 Ne4 33. Rc2 Rxa4 34. Rb7 R4a7 35. Rb6 Ra3 36. c4 d4 37. Bf4 d3 38. Rcb2 Ra2 39. Rxa2 Rxa2 40. Rb8 d2 41. Bxd2 Rxd2 42. Ne7+ Kh7 43. Rxf8 Rxf2+ 44. Kg1 Rf3 45. g4 Rg3+ 46. Kh2 Rf3 47. Nf5 Ng5 48. h4 Ne6 49. Rxf7 Rf4 50. Kg3 Rxc4 51. Re7 Rc3+ 52. Kf2 Nf4 53. Rxg7+ Kh8 54. Rc7 h5 55. g5 Ng6 56. Rc6 Nxh4 57. Nxh4 Kg7 58. Nf5+ Kf7 59. g6+ Kf8 60. Rc8# 1-0


[Site "https://www.chess.com"]

[Event "Titled Tuesday Blitz March 08 Early 2022"]
[White "Zaichenko, Daria"]
[Black "Decuigniere, Tom"]
[WhiteFideId "4197453"]
[BlackFideId "26093820"]
[WhiteElo "2039"]
[BlackElo "1997"]
[Result "1-0"]
[Round "05"]
[TimeControl "180+1"]
[Date "2022.03.09"]
[WhiteClock "0:01:04"]
[BlackClock "0:00:04"]

1. e4 c5 2. Nf3 d6 3. d4 cxd4 4. Nxd4 Nf6 5. Nc3 a6 6. Be2 e6 7. O-O Be7 8. Kh1 Qc7 9. f4 b5 10. Bf3 Bb7 11. a3 Nbd7 12. Qe2 O-O 13. Be3 Nb6 14. Rad1 Nc4 15. Bc1 Rfd8 16. g4 d5 17. exd5 Nxd5 18. Nxd5 Bxd5 19. f5 Bxf3+ 20. Qxf3 Ne5 21. Qe4 exf5 22. Nxf5 Bf6 23. g5 1-0


[Site "https://www.chess.com"]

[Event "Titled Tuesday Blitz March 08 Early 2022"]
[White "Zaksaite, Salomeja"]
[Black "Hryshchenko, Kamila"]
[WhiteFideId "12801496"]
[BlackFideId "14147491"]
[WhiteElo "1953"]
[BlackElo "1929"]
[Result "1-0"]
[Round "05"]
[TimeControl "180+1"]
[Date "2022.03.09"]
[WhiteClock "0:00:09"]
[BlackClock "0:00:03"]

1. e4 d5 2. exd5 Qxd5 3. Nc3 Qe5+ 4. Qe2 Qxe2+ 5. Bxe2 Bf5 6. d3 Nc6 7. Bf4 O-O-O 8. O-O-O Nd4 9. Nf3 h6 10. Nxd4 Rxd4 11. Be3 Rd8 12. Rhe1 e6 13. f4 Nf6 14. h3 h5 15. Bf3 a6 16. Ne4 Nd5 17. Bd2 Be7 18. a3 Bh4 19. Rf1 b6 20. c4 Ne7 21. Bc3 f6 22. g4 hxg4 23. hxg4 Bg6 24. Rh1 Rh7 25. Rh3 Rdh8 26. Rdh1 f5 27. Nd2 fxg4 28. Bxg4 Bf5 29. Rg1 Bf6 30. Rxh7 Rxh7 31. Bxf6 gxf6 32. Ne4 Bxg4 33. Nxf6 Bf5 34. Nxh7 Bxh7 35. Rg7 Bxd3 36. Rxe7 Bxc4 37. Kd2 Kd8 38. Rg7 Ba2 39. Kc3 Bb1 40. Kd4 Bf5 41. Ke5 Kc8 42. Rf7 Bg4 43. Rg7 Bf5 44. Re7 Kd8 45. Rxe6 Bxe6 46. Kxe6 Ke8 47. f5 a5 48. f6 a4 49. f7+ Kf8 50. Kd7 c5 51. Kc6 Kxf7 52. Kxb6 c4 53. Kc5 Ke6 54. Kxc4 Kd6 55. Kb4 1-0


[Site "https://www.chess.com"]

[Event "Titled Tuesday Blitz March 08 Early 2022"]
[White "Zanette, Edgard Vinicius"]
[Black "Budrewicz, Krzysztof"]
[WhiteFideId "2109263"]
[BlackFideId "1127950"]
[WhiteElo "2182"]
[BlackElo "2248"]
[Result "0-1"]
[Round "05"]
[TimeControl "180+1"]
[Date "2022.03.09"]
[WhiteClock "0:00:08"]
[BlackClock "0:00:14"]

1. e4 c5 2. Nc3 Nc6 3. g3 g6 4. Bg2 Bg7 5. Nge2 e6 6. O-O Nge7 7. d3 O-O 8. Be3 Nd4 9. Qd2 Nec6 10. Rab1 d6 11. f4 f5 12. exf5 gxf5 13. Nd1 Bd7 14. c3 Nxe2+ 15. Qxe2 Qa5 16. a3 Rae8 17. Nf2 Qa6 18. Qd2 b6 19. b4 Qc8 20. d4 cxd4 21. cxd4 Ne7 22. Rfc1 Qb8 23. Nd3 Rc8 24. b5 Rxc1+ 25. Qxc1 Rc8 26. Qd2 Qc7 27. Rc1 Qd8 28. Rxc8 Qxc8 29. a4 Qc4 30. Nb4 Kf7 31. Bf1 Qc7 32. Be2 Bc8 33. d5 exd5 34. Nxd5 Nxd5 35. Qxd5+ Be6 36. Bh5+ Ke7 37. Qa8 Bc8 38. Qd5 Be6 39. Qa8 Bc8 40. Qd5 Kf8 41. h4 Bf6 42. Kh2 Kg7 43. Kh3 Qe7 44. Bd4 Bxd4 45. Qxd4+ Kh6 46. Bf3 Be6 47. Qh8 Kg6 48. Qb8 Kg7 49. h5 Qf7 50. Qxd6 Qd7 51. Qe5+ Kf7 52. h6 Qe7 53. Qg7+ Ke8 54. Bh5+ Kd7 55. Qd4+ Kc7 56. Qe5+ Qd6 57. Qg7+ Qd7 58. Bf3 Qxg7 59. hxg7 Kd6 60. g4 Ke7 61. gxf5 Bxf5+ 62. Bg4 Bxg4+ 63. Kxg4 Kf7 64. g8=Q+ Kxg8 65. Kg5 Kg7 66. f5 Kf7 67. Kh6 Kf6 68. Kxh7 Kxf5 69. Kg7 Ke6 70. Kf8 Kd6 71. Ke8 Kc5 72. Kd7 Kb4 73. Kc7 Kxa4 74. Kc6 Ka5 75. Kd5 Kxb5 0-1


[Site "https://www.chess.com"]

[Event "Titled Tuesday Blitz March 08 Early 2022"]
[White "Zhigalko, Sergei"]
[Black "Le, Tuan Minh"]
[WhiteFideId "13502956"]
[BlackFideId "12401153"]
[WhiteElo "2923"]
[BlackElo "3031"]
[Result "1-0"]
[Round "05"]
[TimeControl "180+1"]
[Date "2022.03.08"]
[WhiteClock "0:02:02"]
[BlackClock "0:02:08"]

1. e4 c5 2. Nf3 Nf6 3. e5 Nd5 4. c3 e6 5. Bc4 b6 6. O-O Bb7 7. d4 cxd4 8. cxd4 Be7 9. Bxd5 Bxd5 10. Nc3 Bb7 11. d5 exd5 12. Nd4 O-O 13. Nf5 d6 14. Nxd5 Bg5 15. Qg4 h6 16. Nde7+ 1-0


[Site "https://www.chess.com"]

[Event "Titled Tuesday Blitz March 08 Early 2022"]
[White "Zhu, Jiner"]
[Black "Butti, Enrique"]
[WhiteFideId "8608059"]
[BlackFideId "3700470"]
[WhiteElo "2281"]
[BlackElo "2080"]
[Result "1-0"]
[Round "05"]
[TimeControl "180+1"]
[Date "2022.03.09"]
[WhiteClock "0:02:11"]
[BlackClock "0:02:31"]

1. e4 c5 2. Nf3 d6 3. d4 cxd4 4. Nxd4 Nf6 5. Nc3 g6 6. Be3 Bg7 7. Be2 O-O 8. O-O Nbd7 9. f4 Re8 10. Kh1 b6 11. Bf3 Bb7 12. Qd2 Rc8 13. e5 1-0


[Site "https://www.chess.com"]

[Event "Titled Tuesday Blitz March 08 Early 2022"]
[White "parintele_chess"]
[Black "Shubenkova, Veronika"]
[BlackFideId "44124040"]
[WhiteElo "2207"]
[BlackElo "1938"]
[Result "0-1"]
[Round "05"]
[TimeControl "180+1"]
[Date "2022.03.09"]
[WhiteClock "0:01:20"]
[BlackClock "0:01:58"]

1. d4 d5 2. Bf4 e6 3. Nf3 Bd6 4. Bg3 f5 5. e3 Nf6 6. c4 c6 7. Nc3 O-O 8. Ne5 Qe7 9. Bd3 Nbd7 10. f4 Ne4 11. Bxe4 fxe4 12. O-O Nf6 13. Bh4 Qe8 14. g4 Bxe5 15. fxe5 Nd7 16. Qe2 Qg6 17. Rxf8+ Nxf8 18. Rf1 Bd7 19. h3 Re8 20. Kh2 h6 21. Rf4 Nh7 22. Qf2 Ng5 23. Bxg5 hxg5 24. Nxe4 dxe4 25. Rxe4 Qxe4 0-1


[Site "https://www.chess.com"]

[Event "Titled Tuesday Blitz March 08 Early 2022"]
[White "Aaditya Dhingra"]
[Black "Mirzanurov, Bulat"]
[WhiteFideId "25678191"]
[BlackFideId "4184521"]
[WhiteElo "1849"]
[BlackElo "2116"]
[Result "1-0"]
[Round "06"]
[TimeControl "180+1"]
[Date "2022.03.09"]
[WhiteClock "0:01:30"]
[BlackClock "0:00:12"]

1. e4 c5 2. Nf3 d6 3. Nc3 Nf6 4. Bc4 e6 5. O-O a6 6. a4 Nc6 7. Re1 Be7 8. d4 cxd4 9. Nxd4 Nxd4 10. Qxd4 O-O 11. a5 e5 12. Qd3 Be6 13. Bg5 Rc8 14. Ba2 h6 15. Bxf6 Bxf6 16. Nd5 Bxd5 17. Bxd5 Qc7 18. c3 b6 19. Qxa6 bxa5 20. Qxa5 Qd7 21. h3 Bg5 22. c4 Kh7 23. Qb5 Qe7 24. b4 Rb8 25. Qa4 g6 26. b5 Qd8 27. Reb1 Qb6 28. Qd1 f5 29. Ra6 Qc5 30. Rc6 Qd4 31. Qxd4 exd4 32. b6 fxe4 33. Bxe4 Bh4 34. g3 Bg5 35. h4 Bf6 36. h5 1-0


[Site "https://www.chess.com"]

[Event "Titled Tuesday Blitz March 08 Early 2022"]
[White "Abarca Gonzalez, Nicolas"]
[Black "Sanchez Alvares, Kelvin Antonio"]
[WhiteFideId "3409422"]
[BlackFideId "3906680"]
[WhiteElo "2504"]
[BlackElo "2193"]
[Result "1-0"]
[Round "06"]
[TimeControl "180+1"]
[Date "2022.03.09"]
[WhiteClock "0:00:06"]
[BlackClock "0:00:03"]

1. e4 e5 2. Nf3 Nc6 3. Bc4 Bc5 4. d4 exd4 5. c3 Nf6 6. O-O d6 7. cxd4 Bb6 8. Nc3 Bg4 9. d5 Ne5 10. Bb5+ Bd7 11. Nxe5 dxe5 12. Bc4 O-O 13. Kh1 Ng4 14. Qf3 Qh4 15. h3 Nxf2+ 16. Kh2 Ng4+ 17. Kh1 Nf6 18. Be3 Bg4 19. Qf2 Qxf2 20. Bxf2 Bd7 21. g4 Bxf2 22. Rxf2 Ne8 23. Rc1 Nd6 24. Bd3 c6 25. Bb1 c5 26. Kg2 b5 27. Kf3 a5 28. Nd1 c4 29. Ne3 Rfc8 30. Rfc2 a4 31. a3 Nb7 32. Rg2 Nc5 33. h4 Nb3 34. Rcg1 Nd4+ 35. Kf2 Kf8 36. Nf5 c3 37. bxc3 Rxc3 38. Rg3 Rac8 39. Nd6 Rxg3 40. Rxg3 Rc1 41. Bd3 Rc3 42. Bf1 Rxg3 43. Kxg3 Ke7 44. Nb7 Nc2 45. d6+ Kf8 46. Nc5 Bc6 47. Nd3 f6 48. g5 Nxa3 49. Nb4 Bd7 50. gxf6 gxf6 51. Bh3 Bxh3 52. Kxh3 Nc4 53. d7 Ke7 54. Kg4 Kxd7 55. Kh5 Ke6 56. Kh6 Nd6 57. Kxh7 Nxe4 58. Kg7 f5 59. h5 Nf6 60. h6 f4 61. Nd5 Nh5+ 62. Kg6 Kxd5 63. h7 f3 64. h8=Q Nf4+ 65. Kf5 f2 66. Qd8+ Kc4 67. Qd1 Nd3 68. Ke4 Nc5+ 69. Ke3 a3 70. Kxf2 Nb3 71. Qc2+ Kb4 72. Ke3 1-0


[Site "https://www.chess.com"]

[Event "Titled Tuesday Blitz March 08 Early 2022"]
[White "Agasarov, Benik"]
[Black "Maksimovic, Bojan"]
[WhiteFideId "13314823"]
[BlackFideId "14408120"]
[WhiteElo "2564"]
[BlackElo "2448"]
[Result "1-0"]
[Round "06"]
[TimeControl "180+1"]
[Date "2022.03.09"]
[WhiteClock "0:00:17"]
[BlackClock "0:00:01"]

1. d4 d5 2. Bf4 Bf5 3. e3 e6 4. c4 Nc6 5. a3 Nf6 6. Nc3 Bd6 7. Bxd6 Qxd6 8. Nf3 a6 9. h3 O-O 10. Bd3 Ne7 11. O-O c6 12. c5 Qc7 13. b4 Bxd3 14. Qxd3 Ng6 15. a4 e5 16. Qe2 Rfe8 17. Qd2 exd4 18. Nxd4 Ne5 19. Rac1 Nc4 20. Qd3 g6 21. b5 axb5 22. axb5 Nd7 23. bxc6 bxc6 24. Nb3 Ra3 25. Qc2 Rb8 26. Rb1 Na5 27. Nd4 Nxc5 28. Nxd5 cxd5 29. Rxb8+ Qxb8 30. Qxc5 Nc4 31. Nc6 Qd6 32. Ne7+ Kg7 33. Qd4+ 1-0


[Site "https://www.chess.com"]

[Event "Titled Tuesday Blitz March 08 Early 2022"]
[White "Aggelis, Nikolaos"]
[Black "Samunenkov, Ihor"]
[WhiteFideId "4213220"]
[BlackFideId "14187086"]
[WhiteElo "2154"]
[BlackElo "2409"]
[Result "1/2-1/2"]
[Round "06"]
[TimeControl "180+1"]
[Date "2022.03.09"]
[WhiteClock "0:00:43"]
[BlackClock "0:00:09"]

1. d4 d5 2. g3 c5 3. Nf3 cxd4 4. Bg2 Nf6 5. O-O e6 6. Nxd4 e5 7. Nb3 Be6 8. e4 d4 9. c3 Nc6 10. cxd4 exd4 11. e5 Ng4 12. Bxc6+ bxc6 13. Nxd4 Nxe5 14. Nxe6 Qxd1 15. Nxg7+ Bxg7 16. Rxd1 O-O 17. Nc3 Nc4 18. Rb1 Rab8 19. Na4 Na3 20. Bf4 Rb4 21. bxa3 Rxa4 22. Rdc1 Rc8 23. Bd6 Bf8 24. Bxf8 Kxf8 25. Rc3 Rc7 26. Rb8+ Kg7 27. Rb4 Ra5 28. Rg4+ Kf8 29. h4 c5 30. Kg2 c4 31. Rgxc4 Rxc4 32. Rxc4 Rxa3 33. Rc2 h5 34. Rc5 Rxa2 35. Rxh5 Kg7 36. Rc5 a5 37. Rc6 a4 38. Ra6 a3 39. g4 Ra1 40. Kg3 a2 41. Kf4 Rh1 42. Rxa2 Rxh4 43. Kg5 Rh6 44. f4 Rg6+ 45. Kh4 Rh6+ 46. Kg3 Rb6 47. Ra5 Rb3+ 48. Kh4 Rb4 49. Kg5 Rb6 50. f5 Rc6 51. Rd5 Rb6 52. Kf4 Rb4+ 53. Kg5 Rb6 54. Rd4 Rc6 55. Kf4 Rb6 56. Ke5 Ra6 57. Rd6 Ra4 58. g5 Ra5+ 59. Rd5 Ra6 60. Rd8 Ra5+ 61. Kf4 Ra4+ 62. Kg3 Ra5 63. Kg4 Ra4+ 64. Kh5 Ra1 65. Rd7 Rh1+ 66. Kg4 Rg1+ 67. Kh4 Rh1+ 68. Kg3 Rg1+ 69. Kf4 Rf1+ 70. Ke4 Re1+ 71. Kf3 Rf1+ 72. Kg4 Rg1+ 73. Kh4 Rh1+ 74. Kg3 Rg1+ 75. Kf4 Rf1+ 76. Ke5 Re1+ 77. Kd6 Rd1+ 78. Kc7 Rf1 79. g6 Rxf5 80. Rxf7+ Rxf7+ 81. gxf7 Kxf7 1/2-1/2


[Site "https://www.chess.com"]

[Event "Titled Tuesday Blitz March 08 Early 2022"]
[White "Ahn, Hongjin"]
[Black "Tari, Aryan"]
[WhiteFideId "13201492"]
[BlackFideId "1510045"]
[WhiteElo "1873"]
[BlackElo "2567"]
[Result "0-1"]
[Round "06"]
[TimeControl "180+1"]
[Date "2022.03.08"]
[WhiteClock "0:00:02"]
[BlackClock "0:00:18"]

1. c4 Na6 2. Nf3 c5 3. Nc3 Nc7 4. g3 d5 5. cxd5 Nxd5 6. Bg2 Ngf6 7. e4 Nb4 8. O-O Nd3 9. e5 Nd5 10. Ne4 Bf5 11. Ne1 Nxe1 12. Rxe1 e6 13. d4 cxd4 14. Bg5 Qd7 15. Qxd4 h6 16. Bd2 Be7 17. Nc5 Qb5 18. Rac1 O-O 19. Bf1 Qb6 20. Nb3 Rfc8 21. Qxb6 Nxb6 22. Bg2 Nd5 23. Nd4 Bd3 24. Bxd5 exd5 25. Rc3 Rxc3 26. Bxc3 Rc8 27. Rd1 Bg6 28. Nb5 Be4 29. Bd4 Rc2 30. Nc3 Bf3 31. Re1 Bg5 32. h4 Bc1 33. b3 Bd2 34. Re3 Rc1+ 35. Kh2 Rh1# 0-1


[Site "https://www.chess.com"]

[Event "Titled Tuesday Blitz March 08 Early 2022"]
[White "Alinasab, Mobina"]
[Black "Moskvin, Anatoly"]
[WhiteFideId "12528897"]
[BlackFideId "24199990"]
[WhiteElo "2052"]
[BlackElo "2079"]
[Result "0-1"]
[Round "06"]
[TimeControl "180+1"]
[Date "2022.03.09"]
[WhiteClock "0:00:02"]
[BlackClock "0:00:03"]

1. e4 e5 2. Nf3 Nc6 3. Bb5 Nge7 4. O-O a6 5. Ba4 d6 6. c3 Bd7 7. d4 Ng6 8. dxe5 dxe5 9. Be3 Be7 10. Nbd2 h6 11. Qe2 Bg5 12. Rad1 Qf6 13. Rfe1 O-O-O 14. b4 Kb8 15. b5 Nce7 16. Rb1 a5 17. Nc4 b6 18. Bc2 Bxe3 19. Qxe3 Nc8 20. a4 Be6 21. Nxa5 bxa5 22. b6 c6 23. b7 Na7 24. Qb6 Bg4 25. Re3 Bxf3 26. Rxf3 Qe7 27. Qxa5 Rd2 28. Bd3 Nf4 29. Bf1 f6 30. c4 Rhd8 31. Rfb3 Rd1 32. Rxd1 Re8 33. Rdb1 Ne6 0-1


[Site "https://www.chess.com"]

[Event "Titled Tuesday Blitz March 08 Early 2022"]
[White "Alonso Rosell, Alvar"]
[Black "Martinez Alcantara, Jose Eduardo"]
[WhiteFideId "2270544"]
[BlackFideId "3805662"]
[WhiteElo "2474"]
[BlackElo "2690"]
[Result "0-1"]
[Round "06"]
[TimeControl "180+1"]
[Date "2022.03.08"]
[WhiteClock "0:00:02"]
[BlackClock "0:00:06"]

1. d4 Nf6 2. c4 e6 3. Nf3 Bb4+ 4. Bd2 Qe7 5. e3 b6 6. Bd3 Bb7 7. Nc3 O-O 8. O-O Bxc3 9. Bxc3 d6 10. Nd2 Nbd7 11. e4 e5 12. d5 a5 13. b3 Rfe8 14. a3 c5 15. Qc2 Nh5 16. g3 Nf8 17. Rae1 Ng6 18. Qd1 Nf6 19. f4 Bc8 20. f5 Nf8 21. g4 g5 22. h4 h6 23. hxg5 hxg5 24. Kg2 Kg7 25. Rh1 a4 26. b4 cxb4 27. axb4 Bd7 28. Rh3 a3 29. Reh1 N8h7 30. R1h2 a2 31. Ba1 Rh8 32. c5 bxc5 33. bxc5 Rab8 34. c6 Bc8 35. Bc2 Qa7 36. Nc4 Qc5 37. Rc3 Qb4 38. Qd2 Ba6 39. c7 Bxc4 40. cxb8=Q Rxb8 41. Qe1 Bb5 42. Re3 Qxe1 43. Rxe1 Nxg4 44. Rh3 Nhf6 45. Rb3 Rc8 46. Bd1 Ba4 47. Rc3 Rxc3 48. Bxc3 Bxd1 49. Rxd1 Ne3+ 0-1


[Site "https://www.chess.com"]

[Event "Titled Tuesday Blitz March 08 Early 2022"]
[White "Al-Tarboush, Ward"]
[Black "Caruana, Fabiano"]
[WhiteFideId "7601450"]
[BlackFideId "2020009"]
[WhiteElo "2276"]
[BlackElo "2744"]
[Result "0-1"]
[Round "06"]
[TimeControl "180+1"]
[Date "2022.03.08"]
[WhiteClock "0:00:18"]
[BlackClock "0:01:51"]

1. e4 c5 2. Nf3 d6 3. d4 cxd4 4. Nxd4 Nf6 5. Nc3 a6 6. h3 e5 7. Nde2 h5 8. Bg5 Be7 9. g3 Nbd7 10. Bg2 b5 11. a3 Bb7 12. O-O Rc8 13. Be3 Nc5 14. Bxc5 Rxc5 15. Qd3 h4 16. g4 Nd7 17. Rad1 O-O 18. Nd5 Bxd5 19. exd5 Bg5 20. Nc3 Rc7 21. Ne4 Nc5 22. Nxc5 Rxc5 23. c3 g6 24. Be4 Kg7 25. Kg2 Qf6 26. Qf3 Bf4 27. Kh1 a5 28. Bd3 Rb8 29. Qe4 Bg5 30. f3 Qf4 31. Qxf4 Bxf4 32. Be2 b4 33. axb4 axb4 34. c4 Ra8 35. Ra1 Rca5 36. Rxa5 Rxa5 37. Rb1 Be3 38. Bd1 Kf6 39. Bb3 Kg5 40. Kg2 Bd4 41. f4+ exf4 42. Kf3 Ra7 43. Bc2 Re7 44. Be4 f5 45. gxf5 gxf5 46. Bc2 Re3+ 47. Kg2 Re2+ 0-1


[Site "https://www.chess.com"]

[Event "Titled Tuesday Blitz March 08 Early 2022"]
[White "Alves Campelo, Danilo Cesar De L"]
[Black "Borodavkin, Anatoly"]
[WhiteFideId "2123657"]
[BlackFideId "14150662"]
[WhiteElo "1994"]
[BlackElo "1845"]
[Result "0-1"]
[Round "06"]
[TimeControl "180+1"]
[Date "2022.03.09"]
[WhiteClock "0:01:06"]
[BlackClock "0:00:17"]

1. e4 e5 2. Nf3 Nf6 3. Nxe5 d6 4. Nf3 Nxe4 5. d4 d5 6. Bd3 Nc6 7. h3 Be7 8. O-O O-O 9. Re1 Bf5 10. c4 Nb4 11. Bxe4 dxe4 12. Ne5 e3 13. fxe3 Nc2 14. Rf1 Nxa1 15. Rxf5 c5 16. Nc3 f6 17. Ng4 Qb6 18. b3 Rad8 19. Nd5 Qe6 20. Nxe7+ Qxe7 21. Rxc5 Qxc5 22. Bb2 Qe7 23. Bxa1 h5 24. Nf2 Qxe3 25. d5 Rfe8 26. Bd4 Qe1+ 27. Qxe1 Rxe1+ 28. Kh2 Re2 29. Bxa7 Rxa2 30. Bc5 Rc8 31. Bb4 Rxf2 32. Kg3 Rb2 33. Be7 Rxb3+ 34. Kf4 Rxc4+ 35. Kf5 Rd4 36. Ke6 Rbd3 37. d6 Rxd6+ 38. Bxd6 Rxd6+ 39. Kxd6 Kf7 40. Kc7 Ke6 41. Kxb7 Ke5 42. Kc7 Kf4 43. Kd7 Kg3 44. Ke6 Kxg2 45. Kf7 Kxh3 46. Kxg7 f5 0-1


[Site "https://www.chess.com"]

[Event "Titled Tuesday Blitz March 08 Early 2022"]
[White "Ambartsumova, Karina"]
[Black "Buscar, Michael"]
[WhiteFideId "4166299"]
[BlackFideId "2603616"]
[WhiteElo "2262"]
[BlackElo "2010"]
[Result "1-0"]
[Round "06"]
[TimeControl "180+1"]
[Date "2022.03.09"]
[WhiteClock "0:01:32"]
[BlackClock "0:01:37"]

1. d4 Nf6 2. Nf3 e6 3. c4 d5 4. Nc3 Be7 5. Bf4 a6 6. e3 O-O 7. Qc2 c6 8. Rd1 Nbd7 9. h3 Re8 10. Bd3 Nf8 11. Ne5 Ng6 12. Bxg6 hxg6 13. h4 Nh5 14. g4 Nxf4 15. exf4 dxc4 16. h5 g5 17. h6 f5 18. h7+ 1-0


[Site "https://www.chess.com"]

[Event "Titled Tuesday Blitz March 08 Early 2022"]
[White "Aradhya, Garg"]
[Black "Nozdrachev, Leonid"]
[WhiteFideId "25006746"]
[BlackFideId "24113433"]
[WhiteElo "2169"]
[BlackElo "2118"]
[Result "1-0"]
[Round "06"]
[TimeControl "180+1"]
[Date "2022.03.08"]
[WhiteClock "0:00:14"]
[BlackClock "0:00:01"]

1. d4 d6 2. Nf3 Bf5 3. c4 Nf6 4. Nc3 g6 5. d5 Bg7 6. Nd4 Bd7 7. e4 O-O 8. Be2 e6 9. O-O exd5 10. cxd5 c6 11. Re1 cxd5 12. exd5 Na6 13. Nb3 Rc8 14. Bf4 Bf5 15. Rc1 Nc5 16. Nd4 Nfe4 17. Nxf5 gxf5 18. Be3 Be5 19. Nxe4 fxe4 20. b4 Nd7 21. Qa4 Nb6 22. Qxa7 Nxd5 23. Qxb7 Rxc1 24. Bxc1 Nc3 25. Bc4 d5 26. Bb3 Qh4 27. h3 Rd8 28. Bd2 Qf6 29. Bxc3 Bxc3 30. Re2 Qf4 31. b5 Be5 32. g3 Qf3 33. Re3 Qf6 34. Bxd5 Bd4 35. Re2 e3 36. fxe3 1-0


[Site "https://www.chess.com"]

[Event "Titled Tuesday Blitz March 08 Early 2022"]
[White "Avila Pavas, Santiago"]
[Black "Yang, Kaiqi"]
[WhiteFideId "4437128"]
[BlackFideId "8604398"]
[WhiteElo "2242"]
[BlackElo "2373"]
[Result "1-0"]
[Round "06"]
[TimeControl "180+1"]
[Date "2022.03.09"]
[WhiteClock "0:00:18"]
[BlackClock "0:00:03"]

1. d4 g6 2. Nf3 Bg7 3. Bg5 c6 4. e4 Qb6 5. Nbd2 Qxb2 6. Bc4 b5 7. Bb3 a5 8. a4 bxa4 9. Nc4 Qc3+ 10. Bd2 Qxa1 11. Qxa1 axb3 12. cxb3 Ba6 13. Qxa5 Nf6 14. Bb4 Nxe4 15. Nb6 Ra7 16. Nc8 Rb7 17. Bxe7 f6 18. Nd2 Nxd2 19. Kxd2 Kf7 20. Nd6+ Kxe7 21. Nxb7 Bxb7 22. Qb4+ Kf7 23. Qxb7 Bh6+ 24. Kd1 Bf4 25. Re1 Bd6 26. Re2 h5 27. h3 h4 28. Ra2 Rh5 29. Re2 Rh8 30. Kc2 Rd8 31. d5 Rh8 32. dxc6 Nxc6 33. Qxd7+ Ne7 34. Qxd6 Rc8+ 35. Kb2 1-0


[Site "https://www.chess.com"]

[Event "Titled Tuesday Blitz March 08 Early 2022"]
[White "Babazada, Khazar"]
[Black "Mitusov, Semen"]
[WhiteFideId "13413554"]
[BlackFideId "14151049"]
[WhiteElo "2418"]
[BlackElo "2265"]
[Result "0-1"]
[Round "06"]
[TimeControl "180+1"]
[Date "2022.03.09"]
[WhiteClock "0:00:02"]
[BlackClock "0:00:05"]

1. e4 e5 2. Nf3 Nc6 3. Bb5 a6 4. Bxc6 dxc6 5. O-O f6 6. d3 c5 7. Be3 Be6 8. Nbd2 Qd7 9. a3 b6 10. Qb1 a5 11. c3 Bd6 12. d4 Ne7 13. dxc5 Bxc5 14. Bxc5 bxc5 15. Rd1 O-O 16. Qc2 Rab8 17. b3 a4 18. bxa4 Qc6 19. Nh4 Rfd8 20. a5 Qb5 21. Nf5 Nxf5 22. exf5 Bf7 23. Nf1 Qxa5 24. Ne3 Rxd1+ 25. Rxd1 Qxa3 26. h3 Bb3 27. Qb1 Ra8 28. Re1 h5 29. Qe4 Bf7 30. Kh2 Rd8 31. c4 Qa6 32. Rb1 Rd4 33. Qf3 Rd8 34. Rb7 Qd6 35. g3 Re8 36. h4 Rc8 37. Ra7 Qb6 38. Rb7 Qa6 39. Rb5 Qd6 40. Qb7 Rd8 41. Qa7 Be8 42. Rxc5 Bc6 43. Qa6 Qxc5 44. Qa1 Qd6 45. Qe1 Bb7 46. f3 Qc6 47. Nd5 Qxc4 48. Ne7+ Kf7 49. Ng6 Qc2+ 50. Kh3 Bxf3 0-1


[Site "https://www.chess.com"]

[Event "Titled Tuesday Blitz March 08 Early 2022"]
[White "Barrientos, Sergio E"]
[Black "Kanyamarala, Tarun"]
[WhiteFideId "4401824"]
[BlackFideId "45004714"]
[WhiteElo "2397"]
[BlackElo "2075"]
[Result "1-0"]
[Round "06"]
[TimeControl "180+1"]
[Date "2022.03.09"]
[WhiteClock "0:00:29"]
[BlackClock "0:00:12"]

1. d4 d5 2. c4 Nc6 3. Nc3 Nf6 4. e3 dxc4 5. Bxc4 e5 6. d5 Ne7 7. e4 Ng6 8. h3 Be7 9. Nf3 O-O 10. Be3 h6 11. O-O Nh5 12. Re1 Nhf4 13. Bf1 f5 14. Bxf4 exf4 15. e5 Nh8 16. Qd4 g5 17. d6 cxd6 18. exd6 Bf6 19. Qc4+ Kg7 20. Rad1 Bd7 21. Nd4 Nf7 22. Ne6+ Bxe6 23. Qxe6 Re8 24. Qxf5 Rxe1 25. Rxe1 Nxd6 26. Qe6 Qe8 27. Nd5 Qxe6 28. Rxe6 Ne8 29. Bb5 Bxb2 30. Rxe8 Rxe8 31. Bxe8 a6 32. Kf1 Kf8 33. Bd7 b5 34. Ke2 Be5 35. Kd3 1-0


[Site "https://www.chess.com"]

[Event "Titled Tuesday Blitz March 08 Early 2022"]
[White "Bashirli, Saadat"]
[Black "Sahil, Tickoo"]
[WhiteFideId "13429990"]
[BlackFideId "5019710"]
[WhiteElo "1173"]
[BlackElo "2099"]
[Result "0-1"]
[Round "06"]
[TimeControl "180+1"]
[Date "2022.03.09"]
[WhiteClock "0:00:03"]
[BlackClock "0:00:15"]

1. d4 d5 2. Bg5 Nf6 3. Nd2 c6 4. Ngf3 Bf5 5. e3 Nbd7 6. c4 e6 7. c5 b6 8. b4 Be7 9. Be2 O-O 10. O-O Ne4 11. Bxe7 Qxe7 12. Nxe4 Bxe4 13. Bd3 Bxd3 14. Qxd3 e5 15. dxe5 Nxe5 16. Nxe5 Qxe5 17. Rac1 b5 18. Qd4 Qxd4 19. exd4 Rfe8 20. Rfe1 Kf8 21. Kf1 a5 22. a3 axb4 23. axb4 Rxe1+ 24. Kxe1 Ra2 25. Rb1 Ke7 26. Rb3 h5 27. Re3+ Kf8 28. Rb3 g6 29. g3 f6 30. Rf3 Kf7 31. Rb3 g5 32. Kf1 Rd2 33. Ra3 Rxd4 34. Ra6 Rxb4 35. Rxc6 Rc4 36. Ke2 g4 37. Kd3 Kg6 38. Rc8 Kf5 39. c6 b4 40. c7 b3 41. Rb8 Rxc7 42. Rxb3 Rc1 43. Rb5 Ke5 44. Rb2 Rh1 45. Ke3 d4+ 46. Kd3 Rd1+ 47. Ke2 Ra1 48. f3 f5 49. Rd2 Kd5 50. fxg4 hxg4 51. Kd3 Ra3+ 52. Ke2 Ke4 53. Kf2 d3 54. Rb2 Kd4 55. Rb8 Ra2+ 56. Kg1 Ke3 57. Re8+ Kf3 58. h4 gxh3 59. Re1 Kxg3 60. Kh1 f4 61. Rg1+ Kh4 62. Rf1 Kg4 63. Rg1+ Kf5 64. Rf1 d2 65. Rd1 Rc2 66. Rf1 Rc1 0-1


[Site "https://www.chess.com"]

[Event "Titled Tuesday Blitz March 08 Early 2022"]
[White "Beerdsen, Thomas"]
[Black "Brodowski, Piotr"]
[WhiteFideId "1030108"]
[BlackFideId "1124480"]
[WhiteElo "2585"]
[BlackElo "2422"]
[Result "1-0"]
[Round "06"]
[TimeControl "180+1"]
[Date "2022.03.08"]
[WhiteClock "0:00:52"]
[BlackClock "0:00:07"]

1. e4 c5 2. Nf3 Nc6 3. d4 cxd4 4. Nxd4 Nf6 5. Nc3 e5 6. Ndb5 d6 7. Bg5 a6 8. Na3 b5 9. Bxf6 gxf6 10. Nd5 f5 11. Bxb5 axb5 12. Nxb5 Ra4 13. Nbc7+ Kd7 14. O-O Ne7 15. c4 Rxc4 16. Nb6+ Kxc7 17. Nxc4 Bh6 18. Qb3 Be6 19. Rfd1 Qb8 20. Qc3 Bxc4 21. Qxc4+ Kd7 22. exf5 Nxf5 23. Qxf7+ Ne7 24. Qf6 Ng6 25. Qf7+ Ne7 26. a4 Rf8 27. Qxh7 Rf6 28. Qc2 Qa7 29. Ra3 d5 30. b4 Rc6 31. Qh7 Qd4 32. Rad3 Qf4 33. Rxd5+ Kc8 34. Qxe7 Rc2 35. Rd8# 1-0


[Site "https://www.chess.com"]